 Dungeon Crawl Stone Soup version 0.20-a0-656-g9b0dcd9 (console) character file.

1127 Goblin1989 the Basher (level 8, -3/60 HPs)
             Began as a Barachian Fighter on Feb 17, 2017.
             Was a Follower of Okawaru.
             Slain by an orc warrior
             ... wielding a +0 short sword
              (17 damage)
             ... on level 6 of the Dungeon.
             The game lasted 00:17:01 (5854 turns).

Goblin1989 the Basher (Barachian Fighter)           Turns: 5854, Time: 00:17:02

Health: -3/60      AC: 12    Str: 19    XL:     8   Next: 35%
Magic:  7/8        EV: 14    Int:  9    God:    Okawaru [*.....]
Gold:   215        SH: 11    Dex: 11    Spells: 7/7 levels left

rFire    . . .     SeeInvis .   a - +0 flail
rCold    . . .     Gourm    +   b - +0 scale mail
rNeg     . . .     Faith    .   c - +0 shield
rPois    .         Spirit   .   (no helmet)
rElec    .         Reflect  .   t - +0 cloak
rCorr    .         Harm     .   g - +0 pair of gloves
MR       .....                  s - +0 pair of boots
Stlth    +.........             n - amulet of the gourmand
Regen    0.2/turn               (no ring)
MPRegen  0.2/turn               v - +4 ring of evasion

@: heroism, slow
A: swims, slowness 1, strong legs 1
a: Hop, Heroism, Renounce Religion


You were on level 6 of the Dungeon.
You worshipped Okawaru.
Okawaru was aware of your devotion.
You were completely stuffed.

You visited 2 branches of the dungeon, and saw 7 of its levels.

You collected 254 gold pieces.
You spent 39 gold pieces at shops.

Inventory:

Hand Weapons
 a - a +0 flail (weapon)
Armour
 b - a +0 scale mail (worn)
 c - a +0 shield (worn)
 g - a +0 pair of gloves (worn)
 s - a +0 pair of boots (worn)
 t - a +0 cloak (worn)
 D - a +0 helmet
Jewellery
 n - an amulet of the gourmand (around neck)
 r - an uncursed amulet of regeneration
 v - a +4 ring of evasion (left hand)
Scrolls
 f - 4 scrolls of identify {unknown}
 h - 3 scrolls of teleportation {unknown}
 j - a scroll of recharging {unknown}
 l - 4 scrolls of remove curse {unknown}
 m - 2 scrolls of amnesia {unknown}
 o - 2 scrolls of noise {unknown}
 p - 3 scrolls of enchant armour {unknown}
 u - a scroll of enchant weapon {unknown}
 x - a scroll of immolation {unknown}
 y - a scroll of fear {unknown}
 B - a scroll of random uselessness {unknown}
Potions
 d - 2 potions of might
 q - a potion of lignification
 w - 2 potions of brilliance {unknown}
 z - a potion of curing {unknown}
 A - a potion of haste {unknown}
Comestibles
 e - 2 bread rations {@e1}
 i - 2 meat rations {@e2}
 k - a royal jelly
 C - 7 chunks of flesh


   Skills:
 + Level 3.8(8.8) Fighting
 * Level 9.4(14.4) Maces & Flails
 + Level 3.6(8.6) Armour
 + Level 3.4(8.4) Shields


You had 7 spell levels left.
You didn't know any spells.

Dungeon Overview and Level Annotations

Branches:
Dungeon (6/15)             Temple (1/1) D:4

Altars:
Ashenzari
Cheibriados
Dithmenos
Elyvilon
Fedhas
Gozag
Hepliaklqana
Kikubaaqudgha
Makhleb
Nemelex Xobeh
Okawaru
Qazlal
Ru
Sif Muna
Trog
Uskayaw
Vehumet
Xom
Yredelemnul
Zin
The Shining One

Shops:
D:4 *   D:5 %

Annotations:
D:3 Klosterheim's ghost, amateur NaFi


Innate Abilities, Weirdness & Mutations

You can swim through water.
You cover ground slowly.
You can hop short distances.


Message History

No reachable target in view!
No reachable target in view!
No reachable target in view!
No reachable target in view!
No reachable target in view!
No reachable target in view!
No reachable target in view!
No reachable target in view!
No reachable target in view!
No reachable target in view!
No reachable target in view!
No reachable target in view!
No reachable target in view!
No reachable target in view!
No reachable target in view!
There are monsters nearby!
Unknown command.
An orc comes into view. It is wielding a dagger of venom.
The orc shouts!
The orc closely misses you.
You thump the orc!
You kill the orc!
Okawaru accepts your kill.
You see here a dagger of venom.
You see here a dagger of venom.
An orc comes into view. It is wielding a club.
The orc shouts!
Found a stone staircase leading down.
No target in view!
The orc warrior is too close now for your liking.
You block the orc's attack. You block the orc's attack.
You sock the orc!
You kill the orc!
Okawaru accepts your kill. The orc warrior closely misses you.
Things that are here:
a club; a shiny scale mail; an orc corpse Some of the chunks of flesh in your inventory have rotted away.
Unknown command.
Unknown command.
You gain the combat prowess of a mighty hero.
The orc warrior hits you but does no damage.
You now have 6/8 mp.
Unknown command.
You closely miss the orc warrior.
The orc warrior hits you with a short sword!
You take 17 damage, and have 42/60 hp.
O_OOPS!!
MASSIVE DAMAGE!!
You barely miss the orc warrior.
The orc warrior hits you with a short sword!
You take 12 damage, and have 30/60 hp.
You are too injured to fight recklessly!
You are too injured to fight recklessly!
You are too injured to fight recklessly!
You are too injured to fight recklessly!
You are too injured to fight recklessly!
You are too injured to fight recklessly!
You are too injured to fight recklessly!
You are too injured to fight recklessly!
You are too injured to fight recklessly!
You are too injured to fight recklessly!
You are too injured to fight recklessly!
You are too injured to fight recklessly!
You are too injured to fight recklessly!
You are too injured to fight recklessly!
You are too injured to fight recklessly!
You are too injured to fight recklessly!
You are too injured to fight recklessly!
You are too injured to fight recklessly!
You hit the orc warrior but do no damage.
You block the orc warrior's attack.
You closely miss the orc warrior. You sock the orc warrior!
The orc warrior is moderately wounded.
The orc warrior hits you but does no damage.
The orc priest looks satisfied for a moment.
You closely miss the orc warrior.
The orc warrior is moderately wounded.
The orc warrior hits you with a short sword.
* * * LOW HITPOINT WARNING * * *
The orc priest begins to cast a cantrip, but forgets the words!
You take 5 damage, and have 25/60 hp.
You thump the orc warrior!
The orc warrior is heavily wounded.
The orc warrior hits you with a short sword!
* * * LOW HITPOINT WARNING * * *
You take 12 damage, and have 13/60 hp.
You hit the orc warrior but do no damage.
The orc warrior is heavily wounded.
You barely miss the orc warrior.
The orc warrior is heavily wounded.
You block the orc warrior's attack.
Unknown command.
You closely miss the orc warrior.
The orc warrior is heavily wounded.
The orc warrior barely misses you.
You hit the orc warrior.
The orc warrior is heavily wounded.
The orc warrior hits you with a short sword!
You die... ███..█████.....█ █...█.███ ██.█████.███.█.█ █...█.... █.......█ █.█.█ █...█████ █████████

█.█.█ █ █........
........ █.█.█.█
█........
█.█████████.█.█.█
█........ ▲ █.█.█o█
█........
█.█.█.██████████████
█.█@█o█....█
██.█o█o█....█
█.)█o█......█ ██
█..█o█......█ █.
█..█.█.>....██ █.
█............. ...
█............█ ███
█.............
█..........███


You could see an orc warrior, an orc priest and an orc.

Vanquished Creatures
  2 ogres
  A bullfrog (D:6)
  2 scorpions
  A crimson imp (D:6)
  3 hounds
  2 bullfrog skeletons
  A gnoll shaman (D:6)
  3 orc priests
  3 centaur skeletons
  Jessica (D:3)
  4 worker ants
  3 orc wizards
  5 gnolls
  9 adders
  2 worms (D:2)
  A dart slug (D:1)
  2 leopard geckos
  14 orcs
  3 bats
  2 giant cockroaches (D:1)
  11 hobgoblins
  4 jackals
  A quokka (D:3)
  4 frilled lizards
  8 goblins
  4 kobolds
  A quokka zombie (D:5)
  13 rats
110 creatures vanquished.

Vanquished Creatures (others)
  A goblin (D:2)
1 creature vanquished.

Grand Total: 111 creatures vanquished

Notes
Turn   | Place    | Note
-------+----------+-------------------------------------------
     0 | D:1      | Goblin1989 the Barachian Fighter began the quest for the Orb.
     0 | D:1      | Reached XP level 1. HP: 18/18 MP: 1/1
   256 | D:1      | Reached XP level 2. HP: 24/24 MP: 2/2
   432 | D:1      | Reached skill level 3 in Maces & Flails
   580 | D:1      | Reached XP level 3. HP: 24/29 MP: 3/3
  1111 | D:2      | Reached skill level 4 in Maces & Flails
  1607 | D:2      | Reached XP level 4. HP: 19/35 MP: 4/4
  2157 | D:3      | Noticed Klosterheim's ghost (amateur NaFi)
  2304 | D:3      | Noticed Jessica
  2309 | D:3      | Killed Jessica
  2309 | D:3      | Reached skill level 5 in Maces & Flails
  2309 | D:3      | Reached XP level 5. HP: 41/41 MP: 5/5
  2734 | D:4      | Found Ruxye's General Store.
  2757 | D:4      | Reached skill level 6 in Maces & Flails
  2757 | D:4      | Reached XP level 6. HP: 14/47 MP: 6/6
  2769 | D:4      | HP: 2/47 [poisoned by a scorpion]
  2776 | D:4      | HP: 1/47 [poisoned by a scorpion]
  3081 | D:4      | Bought a potion of lignification for 39 gold pieces
  3131 | D:4      | Found a staircase to the Ecumenical Temple.
  3152 | Temple   | Entered the Ecumenical Temple
  3407 | Temple   | Became a worshipper of Warmaster Okawaru
  4299 | D:4      | Reached skill level 7 in Maces & Flails
  4309 | D:5      | Entered Level 5 of the Dungeon
  4381 | D:5      | Reached XP level 7. HP: 46/52 MP: 7/7
  4407 | D:5      | Found Hoepn's Food Shoppe.
  4812 | D:5      | Reached skill level 8 in Maces & Flails
  4918 | D:5      | Reached * piety under Okawaru
  5342 | D:6      | Reached skill level 9 in Maces & Flails
  5342 | D:6      | Reached XP level 8. HP: 44/58 MP: 8/8
  5854 | D:6      | Slain by an orc warrior

Vault maps used:
D:1:      minmay_arrival_four_loops, st_stairs_8, hangedman_decor_growths,
          minmay_cupped
D:2:      first_bread
D:3:      uniq_jessica
D:4:      temple_statues, serial_shops, nicolae_shop_waterfront,
          lightli_corner_chamber
D:5:      serial_shops, shop
D:6:      basic_altar, serial_co_window_serial, co_window_paths_b,
          co_window_paths_a, co_window_of_opportunity_a, co_window_paths_b,
          co_window_corner_a, co_window_corner_cb, co_window_unsneaky_path_e,
          co_window_paths_c
Temple:   regret_index_temple_sigil_plot

Skill      XL: |  1  2  3  4  5  6  7 |
---------------+----------------------+-----
Maces & Flails | 3 4 5 6 7 9 |  9.4
Fighting       | |  3.8
Armour         | |  3.6
Shields        | |  3.4

Action                   |  1- 3 |  4- 6 |  7- 9 || total
-------------------------+-------+-------+-------++-------
Melee: Flail             |   163 |   238 |   208 ||   609
Invok: Heroism           |       |       |     1 ||     1
 Abil: Hop               |       |     1 |       ||     1
  Use: Potion            |     2 |     2 |       ||     4
  Eat: Chunk             |     4 |    19 |     7 ||    30
Armor: Scale mail        |    73 |   128 |    71 ||   272
Dodge: Dodged            |    38 |    77 |   101 ||   216
Block: Shield            |    87 |   139 |    89 ||   315

Vault maps used:
D:1:      minmay_arrival_four_loops, st_stairs_8, hangedman_decor_growths,
          minmay_cupped
D:2:      first_bread
D:3:      uniq_jessica
D:4:      temple_statues, serial_shops, nicolae_shop_waterfront,
          lightli_corner_chamber
D:5:      serial_shops, shop
D:6:      basic_altar, serial_co_window_serial, co_window_paths_b,
          co_window_paths_a, co_window_of_opportunity_a, co_window_paths_b,
          co_window_corner_a, co_window_corner_cb, co_window_unsneaky_path_e,
          co_window_paths_c
Temple:   regret_index_temple_sigil_plot
